 Dungeon Crawl Stone Soup version 0.22.1-2-g9c5b331 (webtiles) character file.

4295 teukkam the Blocker (level 10, -17/86 HPs)
             Began as a Minotaur Fighter on Dec 17, 2018.
             Was a Priest of Wu Jian.
             Demolished by a two-headed ogre
             ... wielding a +0 giant club
              (18 damage)
             ... on level 10 of the Dungeon.
             The game lasted 00:30:04 (7774 turns).

teukkam the Blocker (Minotaur Fighter)              Turns: 7774, Time: 00:30:06

Health: -17/86     AC:  7    Str: 23    XL:     10   Next: 11%
Magic:  9/9        EV: 11    Int:  5    God:    Wu Jian [***...]
Gold:   425        SH: 10    Dex: 11    Spells: 9/9 levels left

rFire    . . .     SeeInvis .   a - +2 dagger (venom)
rCold    . . .     Gourm    .   I - +3 warlock's mirror {reflect}
rNeg     . . .     Faith    .   Q - +0 steam dragon scales
rPois    .         Spirit   .   (helmet restricted)
rElec    .         Reflect  +   (no cloak)
rCorr    .         Harm     .   s - +0 pair of gloves
MR       .....                  (no boots)
Stlth    +.........             (no amulet)
HPRegen  0.24/turn              (no ring)
MPRegen  0.11/turn              (no ring)

@: no status effects
A: retaliatory headbutt, horns 2
a: Wall Jump, Serpent's Lash, Renounce Religion


You were on level 10 of the Dungeon.
You worshipped Wu Jian.
Wu Jian was most pleased with you.
You were not hungry.

You visited 2 branches of the dungeon, and saw 11 of its levels.
You also visited: Sewer.

You collected 425 gold pieces.

Inventory:

Hand Weapons
 a - a +2 dagger of venom (weapon)
 b - a +0 hand crossbow
 c - a +0 whip of venom
 w - a +4 hand axe
 C - a +1 war axe
 M - a +0 blowgun
 R - a +0 hunting sling
Missiles
 e - 105 arrows
 h - 65 sling bullets
 m - 124 bolts
 A - 294 stones (quivered)
 J - 28 poisoned needles
 K - 4 tomahawks
Armour
 l - a +3 leather armour
 s - a +0 pair of gloves (worn)
 I - the +3 warlock's mirror (worn) {reflect}
   (You found it on level 4 of the Dungeon)
 Q - +0 steam dragon scales (worn)
Jewellery
 j - an uncursed ring of ice
 P - an uncursed ring of ice
Wands
 k - a wand of paralysis (11)
 o - a wand of polymorph (15)
 y - a wand of iceblast (3)
 B - a wand of digging (12)
Scrolls
 g - 7 scrolls of remove curse
 n - 6 scrolls of teleportation
 u - 5 scrolls of identify
 x - a scroll of amnesia {unknown}
 D - a scroll of enchant weapon
 F - a scroll of blinking {unknown}
 G - 6 scrolls of fog {unknown}
 H - 4 scrolls of noise {unknown}
 L - a scroll of silence {unknown}
 N - a scroll of enchant armour {unknown}
Potions
 d - 2 potions of flight
 i - 4 potions of curing
 p - 2 potions of brilliance
 q - a potion of cancellation {unknown}
 r - 2 potions of heal wounds {unknown}
 v - 2 potions of degeneration {unknown}
 z - 2 potions of agility {unknown}
 E - a potion of mutation {unknown}
 O - a potion of haste {unknown}
Comestibles
 f - 11 rations


   Skills:
 - Level 7.1 Fighting
 - Level 2.7 Short Blades
 - Level 5.5 Axes
 - Level 4.4 Slings
 + Level 1.7 Crossbows
 - Level 7.2 Armour
 + Level 12.9 Shields


You had 9 spell levels left.
You didn't know any spells.
Your spell library contained the following spells:

 Spells                   Type           Power        Failure   Level  Hunger
 Confusing Touch          Hex            #.....       47%         1    ##.....
 Confuse                  Hex            #.......     85%         3    ####...
 Gell's Gravitas          Tloc           #.........   85%         3    ####...
 Petrify                  Tmut/Erth      #.......     99%         4    #####..
 Metabolic Englaciation   Hex/Ice        #.........   100%        5    ######.
 Yara's Violent Unravell  Hex/Tmut       #.........   100%        5    ######.


Dungeon Overview and Level Annotations

Branches:
Dungeon (10/15)            Temple (1/1) D:7
   Lair: D:8-11         Orc: D:9-12

Altars:
Ashenzari
Cheibriados
Dithmenos
Elyvilon
Fedhas
Gozag
Hepliaklqana
Kikubaaqudgha
Makhleb
Nemelex Xobeh
Okawaru
Qazlal
Ru
Sif Muna
Trog
Uskayaw
Vehumet
Wu Jian
Xom
Yredelemnul
Zin
The Shining One

Shops:
D:7 }   D:9 *


Innate Abilities, Weirdness & Mutations

You reflexively headbutt those who attack you in melee.
You have a pair of horns on your head.


Message History

The two-headed ogre hits you with a giant spiked club!!
* * * LOW HITPOINT WARNING * * *
You feel sick.
You feel sick.
You are no longer poisoned.
Found an inky potion.
The two-headed ogre hits you with a giant club!
* * * LOW HITPOINT WARNING * * *
You block the two-headed ogre's attack.
Okay, then.
You feel better.
Found 12 stones.
Okay, then.
As you read the scroll labeled RABURU OTERAC, it crumbles to dust.
You experience a momentary feeling of inescapable doom!
It was a scroll of random uselessness.
The two-headed ogre hits you with a giant club!
* * * LOW HITPOINT WARNING * * *
The two-headed ogre hits you with a giant spiked club!!
You die...

##).# #.## ##..# #..#
###..## . #..# ###..)##
.. ##..# #...).# # (..#
##...# ##...>## #.
.....#....###....#####..
..........#............#
#!..@O.............##
###...............##
#...............# ####
###.######...).## ###..#
### ##.....## #§'..#
####...## ####.## ###†)#
#.....# ##†. ####.## ##.


You could see a two-headed ogre.

Vanquished Creatures
  A hippogriff (D:7)
  A wyvern (D:5)
  A human (D:10)
  A steam dragon (D:8)
  Menkaure (D:5)
  3 black bears
  An ice beast (D:7)
  Purgy (Sewer)
  An orc warrior (D:9)
  A sky beast (D:6)
  3 centaurs
  A phantom (D:8)
  4 ogres
  2 big kobolds
  3 bullfrogs
  A water moccasin zombie (D:8)
  A scorpion (D:5)
  4 killer bees (D:10)
  2 crimson imps
  3 hounds
  6 orc priests
  3 centaur skeletons
  14 orc wizards
  6 worker ants
  A hound zombie (D:6)
  A hound skeleton (D:7)
  A worker ant zombie (D:8)
  A howler monkey skeleton (D:6)
  7 adders
  8 gnolls
  3 river rats (D:3)
  A shadow imp (D:8)
  2 oozes
  An adder skeleton (D:5)
  4 worms
  3 dart slugs
  7 leopard geckos
  49 orcs
  A ball python (D:4)
  5 giant cockroaches
  4 goblins
  5 hobgoblins
  10 jackals
  4 quokkas
  4 bats
  11 frilled lizards
  2 jackal skeletons
  A jackal zombie (D:5)
  8 kobolds
  A quokka zombie (D:8)
  8 rats
218 creatures vanquished.

Vanquished Creatures (others)
  A centaur (D:10)
1 creature vanquished.

Grand Total: 219 creatures vanquished

Notes
Turn   | Place    | Note
-------+----------+-------------------------------------------
     0 | D:1      | teukkam the Minotaur Fighter began the quest for the Orb.
     0 | D:1      | Reached XP level 1. HP: 19/19 MP: 0/0
   100 | D:2      | Reached XP level 2. HP: 24/27 MP: 1/1
   233 | D:3      | Reached skill level 4 in Shields
   233 | D:3      | Reached XP level 3. HP: 30/33 MP: 2/2
   357 | D:3      | Reached XP level 4. HP: 35/41 MP: 3/3
   508 | D:3      | Found a glowing drain.
   515 | Sewer    | Entered a sewer
   630 | Sewer    | Noticed Purgy
   636 | Sewer    | Killed Purgy
   636 | Sewer    | Reached skill level 5 in Armour
   636 | Sewer    | Reached skill level 5 in Shields
   636 | Sewer    | Reached XP level 5. HP: 42/47 MP: 4/4
   811 | D:3      | Reached skill level 5 in Fighting
   897 | D:3      | Reached XP level 6. HP: 51/56 MP: 5/5
  1131 | D:5      | Entered Level 5 of the Dungeon
  1182 | D:5      | Reached skill level 1 in Slings
  1182 | D:5      | Noticed Menkaure
  1219 | D:5      | Killed Menkaure
  1708 | D:5      | Found an ancient bone altar of Kikubaaqudgha.
  1859 | D:5      | Reached XP level 7. HP: 54/61 MP: 6/6
  1897 | D:5      | Noticed a wyvern
  1906 | D:5      | Killed a wyvern
  1906 | D:5      | Reached skill level 5 in Axes
  1967 | D:5      | Found a hide-covered altar of Uskayaw.
  1998 | D:5      | Reached skill level 6 in Shields
  2444 | D:6      | Found a shimmering altar of Xom.
  2507 | D:6      | Found a shimmering altar of Xom.
  2575 | D:6      | Reached XP level 8. HP: 59/71 MP: 7/7
  2580 | D:6      | Reached skill level 1 in Short Blades
  2758 | D:6      | Found a stormy altar of Qazlal.
  2758 | D:6      | Found an opulent altar of Gozag.
  2759 | D:6      | Found a white marble altar of Elyvilon.
  2950 | D:7      | Noticed a hippogriff
  2970 | D:7      | Killed a hippogriff
  2970 | D:7      | Reached skill level 7 in Shields
  3116 | D:7      | Found a staircase to the Ecumenical Temple.
  3126 | Temple   | Entered the Ecumenical Temple
  3179 | Temple   | Became a worshipper of the Wu Jian Council
  4109 | D:2      | Found a sacrificial altar of Ru.
  4110 | D:2      | Found a radiant altar of Vehumet.
  4291 | D:4      | Found the +3 warlock's mirror {reflect}
  4377 | D:4      | Reached * piety under Wu Jian
  4637 | D:4      | Reached skill level 8 in Shields
  4658 | D:4      | Reached XP level 9. HP: 38/79 MP: 8/8
  5201 | D:4      | Reached ** piety under Wu Jian
  5632 | D:7      | Found Wakko's Gadget Emporium.
  5769 | D:7      | Reached skill level 9 in Shields
  6333 | D:8      | Found a hazy altar of Hepliaklqana.
  6352 | D:8      | Reached skill level 10 in Shields
  6415 | D:8      | Reached *** piety under Wu Jian
  6794 | D:8      | Reached skill level 11 in Shields
  6981 | D:8      | Found an iron altar of Okawaru.
  7229 | D:9      | Found Cerro's General Store.
  7278 | D:10     | Entered Level 10 of the Dungeon
  7574 | D:10     | Reached skill level 12 in Shields
  7677 | D:10     | Reached XP level 10. HP: 71/86 MP: 9/9
  7734 | D:10     | Reached skill level 1 in Crossbows
  7755 | D:10     | Noticed a two-headed ogre
  7770 | D:10     | HP: 2/86 [two-headed ogre/giant club (12)]
  7774 | D:10     | Demolished by a two-headed ogre

Skill      XL: |  1  2  3  4  5  6  7  8  9 10 |
---------------+-------------------------------+-----
Fighting       | 4 5 6 7 |  7.1
Axes           | 3 4 5 |  5.5
Armour         | 4 5 6 7 |  7.2
Shields        | 4 5 6 8 12 | 12.9
Slings         | 2 3 4 |  4.4
Short Blades   | 2 |  2.7
Crossbows      | 1 |  1.7

Action                   |  1- 3 |  4- 6 |  7- 9 | 10-12 || total
-------------------------+-------+-------+-------+-------++-------
Melee: War axe           |    51 |   105 |    40 |       ||   196
       Headbutt          |    13 |    13 |    98 |     8 ||   132
       Dagger            |       |       |   390 |    38 ||   428
       Hand axe          |       |       |     2 |       ||     2
       Hunting sling     |       |       |     2 |       ||     2
 Fire: Hunting sling     |       |     7 |    97 |     3 ||   107
       Hand crossbow     |       |       |       |     2 ||     2
Invok: Lunge             |       |       |    30 |     1 ||    31
       Whirlwind         |       |       |    86 |     7 ||    93
       Wall Jump         |       |       |    24 |     2 ||    26
Evoke: Wand              |       |       |     1 |     1 ||     2
  Use: Scroll            |     2 |     2 |     2 |     1 ||     7
       Potion            |       |     2 |     2 |     1 ||     5
  Eat: Chunk             |       |     1 |     9 |       ||    10
       Ration            |       |     1 |     3 |       ||     4
Armor: Scale mail        |    18 |       |       |       ||    18
       Leather armour    |     6 |    32 |    85 |       ||   123
       Steam dragon scal |       |       |     6 |     6 ||    12
Dodge: Dodged            |    11 |    33 |   135 |    10 ||   189
Block: Shield            |    21 |    69 |    71 |       ||   161
       Buckler           |       |       |    91 |    22 ||   113
       Reflection        |       |       |     8 |     1 ||     9
